 Dungeon Crawl Stone Soup version 0.29-a0-1008-g949cc1d0fb (webtiles) character file.

Game seed: 5813312242544614216

8 flotson the Sneak (level 2, -2/24 HPs)
             Began as a Demonspawn Delver on Aug 7, 2022.
             Constricted to death by Ijyb (4 damage)
             ... on level 3 of the Dungeon.
             The game lasted 00:01:31 (378 turns).

flotson the Sneak (Demonspawn Delver)                Turns: 378, Time: 00:01:32

Health: -2/24      AC:  7    Str: 12    XL:     2   Next: 0%
Magic:  2/2        EV:  7    Int: 11    God:
Gold:   10         SH:  0    Dex: 14    Spells: 1/1 levels left

rFire   . . .      SeeInvis .   a - +0 spear
rCold   . . .      Faith    .   (no shield)
rNeg    . . .      Spirit   .   h - +0 ring mail
rPois   .          Reflect  .   (no helmet)
rElec   .          Harm     .   (no cloak)
rCorr   .          Rampage  .   (no gloves)
Will    .....                   (no boots)
Stlth   ++........              (no amulet)
HPRegen 0.08/turn               (no ring)
MPRegen 0.08/turn               (no ring)

@: grasped by roots, constricted
A: molten scales 1
a: no special abilities


You were on level 3 of the Dungeon.
You visited 1 branch of the dungeon, and saw 3 of its levels.

You collected 10 gold pieces.

Inventory:

Hand Weapons
 a - a +0 spear (weapon)
Missiles
 f - 2 curare-tipped darts (quivered)
Armour
 b - a +0 leather armour
 h - a +0 ring mail (worn)
Wands
 g - a wand of digging (3)
Scrolls
 c - a scroll of fog
 e - a scroll of fear
 j - a scroll of teleportation {unknown}
Potions
 i - a potion of curing {unknown}


   Skills:
 + Level 3.1 Fighting
 - Level 1.7 Polearms
 + Level 0.0 Throwing
 + Level 0.4 Armour
 + Level 2.0 Dodging
 - Level 4.5 Stealth
 + Level 0.6 Evocations


You had one spell level left.
You didn't know any spells.
Your spell library was empty.

Dungeon Overview and Level Annotations

Branches:
Dungeon (5/15)
 Temple: D:4-7

Altars:

Annotations:
D:3 Ijyb


Innate Abilities, Weirdness & Mutations

You are partially covered in molten scales. (AC +2)


Message History

Your demonic ancestry asserts itself...
Molten scales grow over part of your body.
Found 4 gold pieces.
Ijyb zaps a wand.
The roots erupt in riotous growth!
The grasping roots grab you! The grasping roots constrict you.
You hear a shout!
You hear an angry hiss.
You escape the roots grasp.
You start resting.
An adder comes into view.
The adder hisses angrily.
You see here a frilled lizard corpse.
Ijyb zaps a wand.
The roots erupt in riotous growth!
The grasping roots grab you!
The adder is unaffected.
The grasping roots constrict you.
You escape the roots grasp.
The adder attacks as you move away! The adder bites you but does no damage.
Ijyb zaps a wand.
The roots erupt in riotous growth!
The adder is unaffected.
The grasping roots grab you! The grasping roots constrict you.
The adder bites you.
* * * LOW HITPOINT WARNING * * *
Unknown command.
You hit the adder but do no damage. The adder barely misses you.
Unknown command.
You closely miss the adder.
Ijyb looks more healthy.
The adder barely misses you. The grasping roots constrict you.
* * * LOW HITPOINT WARNING * * *
The grasping roots release their grip on you.
Unknown command.
You miss the adder. The adder barely misses you.
A giant cockroach comes into view.
Ijyb zaps a wand.
The roots erupt in riotous growth!
The adder is unaffected.
The grasping roots grab you! The grasping roots constrict you.
* * * LOW HITPOINT WARNING * * *
The adder bites you but does no damage.
You hit the adder.
The adder is heavily wounded.
Ijyb is no longer moving slowly.
The adder bites you but does no damage. The grasping roots constrict you.
You die...

**8**8**8*#....#.8...8.#,,*,*,,,,
,,,,,,,,,,+.#..#*.....#*,,*,*,,,,
**8**8**8*#....###...###..,,,,,,,
**********#..............#,**,***
8*,,,,,,*#......g†B.....##,**,***
***,,,,.....#.............,,,,,,,
**,,,,*.######..........##*,*,*,*
8*,,,,*,* **,##.S.?.......,,,,,,,
**,,,,*,***,*,##@######.##**,,*,*
**,,,,,,**,*,*,### *.# *,,*,*
8*,******,*,*,*,** *,#***,,*,*
**** **,*,***,*,** *,,,,,,,,,, *
**,*,**,**,*,** *,**,,,,,,, *
**,*,**,*,**,*,** *,**,,,,,,,
*****,*,**,*,*,**,*,***,**,,,,,,,
,,**,*,**,*,*,*,**,*,**,,+,,,,,,,
,**,*,**,*,**,,*,**,*,****,,,,,,,


You could see Ijyb, an adder and a giant cockroach.

Vanquished Creatures
  An orc (D:4)
  A ball python (D:4)
  An endoplasm (D:4)
  2 hobgoblins (D:4)
  A frilled lizard (D:3)
6 creatures vanquished.

Notes
Turn   | Place    | Note
-------+----------+-------------------------------------------
     0 | D:5      | flotson the Demonspawn Delver began the quest for the Orb.
     0 | D:5      | Reached XP level 1. HP: 18/18 MP: 1/1
   357 | D:3      | Noticed Ijyb
   365 | D:3      | Gained mutation: You are partially covered in molten
                  | scales. (AC +2) [demonic ancestry]
   365 | D:3      | Reached XP level 2. HP: 24/24 MP: 2/2
   378 | D:3      | Constricted to death by Ijyb

Illustrated notes

Levels and vault maps discovered:
D:3:      minmay_inner_zag, layout_basic, mainiacjoe_overflow_small_starburst,
          gup_sewer_entry_glass, dk_noncrumbling_2, wad_floor_pattern_untrapped,
          hangedman_decor_clover_reticule, uniq_terence, uniq_jessica, uniq_ijyb
D:4:      layout_cave_pools, minmay_temple_entry_statues
D:5:      layout_gridville, supply_closet_lemuel

Skill      XL: |  1 |
---------------+----+-----
Dodging        | 2 |  2.0
Fighting       | |  3.1
Polearms       | |  1.7
Armour         | |  0.4
Stealth        | |  4.5
Evocations     | |  0.6

Action                   || total
-------------------------++-------
Melee: Spear             ||    19
Throw: Dart              ||     1
  Use: Scroll            ||     1
       Potion            ||     1
 Stab: Sleeping          ||     1
Armor: Ring mail         ||     3
Dodge: Dodged            ||     7

Table legend: (Time is in decaauts)
 A = Elapsed time spent in this place.
 B = Non-inter-level travel time spent in this place.
 C = Inter-level travel time spent in this place.
 D = Time resting spent in this place.
 E = Time spent auto-exploring this place.
 F = Levels seen in this place.
 G = Mean time per level.
                   A        B        C        D        E       F      G
               +--------+--------+--------+--------+--------+-----+--------+
         Total |    364 |    356 |      8 |    126 |    140 |   3 |  121.3 |
       Dungeon |    364 |    356 |      8 |    126 |    140 |   3 |  121.3 |
               +--------+--------+--------+--------+--------+-----+--------+

Top non-repeatable levels by time:
     D:4: 326 daAuts
     D:3: 30 daAuts
     D:5: 7 daAuts
